 Dungeon Crawl Stone Soup version 0.28-a0-519-gbfeecf2fc5 (webtiles) character file.

Game seed: 4592843500412531629

583 speeev33 the Skirmisher (level 7, -9/47 HPs)
             Began as a Gargoyle Fighter on Sept 23, 2021.
             Mangled by an ogre (23 damage)
             ... on level 5 of the Dungeon.
             The game lasted 00:09:03 (5050 turns).

speeev33 the Skirmisher (Gargoyle Fighter)          Turns: 5050, Time: 00:09:04

Health: -9/47      AC: 19    Str: 21    XL:     7   Next: 37%
Magic:  7/7        EV:  9    Int:  9    God:
Gold:   141        SH:  4    Dex:  9    Spells: 6/6 levels left

rFire   . . .      SeeInvis +   a - +1 flail (vorpal)
rCold   . . .      Faith    .   c - +0 buckler
rNeg    + + .      Spirit   .   g - +3 scale mail {rN+}
rPois   ∞          Reflect  .   (no helmet)
rElec   +          Harm     .   (no cloak)
rCorr   .          Rampage  .   (no gloves)
Will    .....                   (no boots)
Stlth   ..........              (no amulet)
HPRegen 0.15/turn               i - ring of see invisible
MPRegen 0.10/turn               m - +4 ring of protection

@: no status effects
A: sickness immunity, AC +4, negative energy resistance 1, electricity
resistance, torment resistance 1, petrification resistance
a: no special abilities


You were on level 5 of the Dungeon.
You visited 1 branch of the dungeon, and saw 5 of its levels.
You also visited: Ossuary.

You collected 141 gold pieces.

Inventory:

Hand Weapons
 a - a +1 vorpal flail (weapon)
Armour
 c - a +0 buckler (worn)
 g - a +3 scale mail of positive energy (worn)
Jewellery
 i - a ring of see invisible (left hand)
 l - a ring of fire
 m - a +4 ring of protection (right hand)
Scrolls
 b - 7 scrolls of teleportation
 k - 4 scrolls of enchant weapon
 n - 2 scrolls of identify
 o - a scroll of fog
 p - 3 scrolls of enchant armour
 q - 3 scrolls of torment
 s - a scroll of silence {unknown}
 w - a scroll of immolation
Potions
 d - 2 potions of resistance
 e - a potion of heal wounds
 f - 7 potions of curing
 h - a potion of haste
 j - 2 potions of lignification
 r - a potion of might
 t - a potion of attraction
 u - a potion of cancellation


   Skills:
 * Level 6.4 Fighting
 + Level 4.2 Maces & Flails
 + Level 5.3 Armour
 - Level 4.0 Shields


You had 6 spell levels left.
You didn't know any spells.
Your spell library contained the following spells:

 Spells                   Type           Power      Damage    Failure   Level
 Animate Skeleton         Necr           0%         N/A       71%         1
 Apportation              Tloc           0%         N/A       71%         1
 Summon Small Mammal      Summ           0%         N/A       71%         1
 Gell's Gravitas          Tloc           0%         N/A       97%         3
 Lesser Beckoning         Tloc           0%         N/A       97%         3
 Teleport Other           Tloc           0%         N/A       97%         3


Dungeon Overview and Level Annotations

Branches:
Dungeon (5/15)            Ossuary (visited)
 Temple: D:4-7

Altars:
Ashenzari
Kikubaaqudgha
Qazlal
Yredelemnul

Shops:
D:4 [


Innate Abilities, Weirdness & Mutations

You are immune to sickness and miasma.
Your stone body is resilient. (AC +4)
You are immune to poison.
You resist negative energy. (rN+)
You are resistant to electric shocks. (rElec)
You are resistant to unholy torment.
You are immune to petrification.


Message History

You are too injured to fight recklessly!
You are too injured to fight recklessly!
You are too injured to fight recklessly!
You are too injured to fight recklessly!
You are too injured to fight recklessly!
You are too injured to fight recklessly!
You are too injured to fight recklessly!
You are too injured to fight recklessly!
You are too injured to fight recklessly!
Okay, then.
Sorry, you're not good enough to have a special ability.
Unknown command.
There is an open door here.
There is an open door here.
You thump the ogre!
The ogre is moderately wounded.
The ogre hits you with a +0 giant club!!
You barely miss the ogre.
The ogre is moderately wounded.
The ogre completely misses you.
You sock the ogre!
The ogre is severely wounded.
The ogre hits you but does no damage.
You barely miss the ogre.
The ogre is severely wounded.
The ogre barely misses you.
You barely miss the ogre.
The ogre is severely wounded.
The ogre barely misses you.
You barely miss the ogre.
The ogre is severely wounded.
You barely miss the ogre.
The ogre is severely wounded.
You block the ogre's attack.
You hit the ogre but do no damage.
The ogre is severely wounded.
The ogre hits you with a +0 giant club!
* * * LOW HITPOINT WARNING * * *
The ogre hits you with a +0 giant club!!
You die...

##.......## #.#...#
#.....(...###.....####
+...(.....'...........
#.........####...####
#.......## ##..#
##.....## #.# ##...##
... ######'####### #.#
#......#...@.# .#
#.####.#.###O# # #.#
##.#.###.######
#.###...............
#.##.........#######
#.####.##....######
..........#.##
#.####.....<# ######.#


You could see an ogre.

Vanquished Creatures
  A phantom (D:5)
  Blork the orc (D:4)
  2 centaur zombies (Ossuary)
  A hound (D:3)
  A centaur skeleton (D:4)
  2 iguanas
  Natasha (thrice) (D:2)
  2 hound skeletons (D:4)
  3 mummies (Ossuary)
  2 adders
  A howler monkey skeleton (D:4)
  An adder skeleton (D:4)
  2 worms
  3 dart slugs
  4 orcs
  4 ball pythons
  11 endoplasms
  4 giant cockroaches
  7 goblins
  7 hobgoblins
  7 jackals
  3 kobolds
  A quokka (D:1)
  2 bats (D:3)
  2 frilled lizards (D:1)
  A goblin zombie (Ossuary)
  2 hobgoblin zombies (Ossuary)
  3 kobold zombies (Ossuary)
  A quokka skeleton (D:4)
  5 rats
89 creatures vanquished.

Vanquished Creatures (collateral kills)
  2 jackals (D:4)
2 creatures vanquished.

Grand Total: 91 creatures vanquished

Notes
Turn   | Place    | Note
-------+----------+-------------------------------------------
     0 | D:1      | speeev33 the Gargoyle Fighter began the quest for the Orb.
     0 | D:1      | Reached XP level 1. HP: 14/14 MP: 1/1
    60 | D:1      | Found a faded altar of an unknown god.
   415 | D:1      | Reached XP level 2. HP: 17/19 MP: 2/2
   787 | D:1      | Reached XP level 3. HP: 23/23 MP: 3/3
  1374 | D:2      | Noticed Natasha
  1378 | D:2      | Killed Natasha
  1379 | D:2      | Reached XP level 4. HP: 29/29 MP: 4/4
  1905 | D:2      | Noticed Natasha
  1913 | D:2      | Killed Natasha
  1914 | D:2      | Reached skill level 4 in Fighting
  1916 | D:2      | Noticed Natasha
  1930 | D:2      | Killed Natasha
  2239 | D:3      | Reached XP level 5. HP: 34/34 MP: 5/5
  3199 | D:4      | Noticed Blork the orc
  3220 | D:4      | Killed Blork the orc
  3221 | D:4      | Reached skill level 5 in Fighting
  3221 | D:4      | Reached XP level 6. HP: 29/40 MP: 6/6
  3602 | D:4      | Found Edwutygu's Armour Emporium.
  3886 | D:4      | Found an ancient bone altar of Kikubaaqudgha.
  4079 | D:5      | Entered Level 5 of the Dungeon
  4163 | D:5      | Found a broken altar of Ashenzari.
  4173 | D:5      | Found a stormy altar of Qazlal.
  4176 | D:5      | Found a basalt altar of Yredelemnul.
  4343 | D:5      | Found a sand-covered staircase.
  4379 | Ossuary  | Entered an ossuary
  4423 | Ossuary  | Reached skill level 5 in Armour
  4496 | Ossuary  | Reached skill level 6 in Fighting
  4496 | Ossuary  | Reached XP level 7. HP: 32/46 MP: 7/7
  5050 | D:5      | Mangled by an ogre

Illustrated notes

Levels and vault maps discovered:
D:1:      sevenhm_arrival_forest_fort_small_5, layout_loops_ring,
          ebering_ecumenical_altar_ruins
D:2:      layout_loops_corners, minivault_26, uniq_natasha
D:3:      layout_loops_ring
D:4:      layout_loops_ring, lemuel_round_altar, serial_shops, shop,
          kennysheep_decorative_pillar, minmay_box_of_dots, uniq_blork_the_orc
D:5:      layout_loops_corners, grunt_temple_overflow_open,
          minmay_temple_entry_statues_pillars,
          nicolae_ossuary_entry_false_entrances

Skill      XL: |  1  2  3  4  5  6  7 |
---------------+----------------------+-----
Fighting       | 4 5 6 |  6.4
Armour         | 4 5 |  5.3
Shields        | 4 |  4.0
Maces & Flails | 3 4 |  4.2

Action                   |  1- 3 |  4- 6 |  7- 9 || total
-------------------------+-------+-------+-------++-------
Melee: Flail             |    75 |   210 |    54 ||   339
  Use: Scroll            |     4 |     7 |     7 ||    18
       Potion            |       |     1 |     1 ||     2
Armor: Scale mail        |    43 |    99 |    16 ||   158
Dodge: Dodged            |    28 |    87 |    16 ||   131
Block: Buckler           |    12 |    35 |     9 ||    56

Table legend: (Time is in decaauts)
 A = Elapsed time spent in this place.
 B = Non-inter-level travel time spent in this place.
 C = Inter-level travel time spent in this place.
 D = Time resting spent in this place.
 E = Time spent auto-exploring this place.
 F = Levels seen in this place.
 G = Mean time per level.
                   A        B        C        D        E       F      G
               +--------+--------+--------+--------+--------+-----+--------+
         Total |   5139 |   5050 |     89 |   1190 |   2354 |   6 |  856.5 |
       Dungeon |   4841 |   4752 |     89 |   1160 |   2354 |   5 |  968.2 |
       Ossuary |    297 |    297 |      0 |     30 |      0 |   1 |  297.0 |
               +--------+--------+--------+--------+--------+-----+--------+

Top non-repeatable levels by time:
     D:2: 1144 daAuts
     D:1: 1127 daAuts
     D:4: 1060 daAuts
     D:3: 819 daAuts
     D:5: 690 daAuts
 Ossuary: 297 daAuts
